 Dungeon Crawl Stone Soup version 0.31-a0-214-gb37851dbb3 (console) character file.

Game seed: 14964852832470615887

664370 petzl the Hoplite (level 27, -2/188 (217) HPs)
             Began as a Formicid Delver on July 1, 2023.
             Was the Champion of Vehumet.
             Slain by a tainted leviathan (25 damage)
             ... in the Vestibule of Hell on July 6, 2023.
             The game lasted 12:34:25 (91292 turns).

petzl the Hoplite (Formicid Delver)                Turns: 91292, Time: 12:34:25

HP:   -2/188 (217)  AC: 11    Str: 18      XL:     27
MP:   40/48         EV: 17    Int: 21      God:    Vehumet [******]
Gold: 3474          SH: 21    Dex: 14 (19) Spells: 1/68 levels left

rFire   + + .        l - +3 rapier "Kauk" {heavy, rElec rF+}
rCold   x . .        S - +5 kite shield {reflect}
rNeg    + + .        r - +1 robe of Vines {NoPotionHeal Regen++++}
rPois   +            (helmet unavailable)
rElec   +            d - +2 cloak {Will+}
rCorr   .            n - +0 pair of gloves
SInv    +            B - +2 pair of boots {Fly}
Will    +++..        c - amulet of the acrobat
Stlth   ++++++       H - ring "Jeilobye" {Contam rElec rF+ rN++ SInv}
HPRegen 3.71/turn    h - ring of wizardry
MPRegen 0.31/turn

%: reflection, acrobat, wizardry (x1)
@: on vortex cooldown, doom-hounded, flying, heavily drained
A: permanent stasis, dig shafts and tunnels, antennae 3, four strong arms, claws
1, agile 1, deformed body, poison resistance, cold vulnerability 1
}: 4/15 runes: serpentine, barnacled, slimy, silver
a: Dig, Renounce Religion


You were in the Vestibule of Hell.
You worshipped Vehumet.
Vehumet was exalted by your worship.
You visited 15 branches of the dungeon, and saw 62 of its levels.
You also visited: Ice Cave and Desolation.

You collected 9794 gold pieces.
You spent 6320 gold pieces at shops.

Inventory:

Hand Weapons
 a - the +8 storm bow {elec, penet}
   (You found it on level 3 of the Elven Halls)
 b - the +8 morningstar of Gimimuic {venom, rC+ rCorr Int+3 Dex-3}
   (You took it off a deep elf zephyrmancer on level 3 of the Elven Halls)

   Int:       It affects your intelligence (+3).
   Dex:       It affects your dexterity (-3).
   rC:        It protects you from cold.
   rCorr:     It protects you from acid and corrosion.
 l - the +3 rapier "Kauk" (weapon) {heavy, rElec rF+}
   (You found it on level 4 of the Depths)

   rF:        It protects you from fire.
   rElec:     It insulates you from electricity.
 p - a +2 flail of protection
Missiles
 A - 7 throwing nets
 N - 17 curare-tipped darts
Armour
 d - a +2 cloak of willpower (worn)
 k - a +1 ring mail of fire resistance
 n - a +0 pair of gloves (worn)
 r - the +1 robe of Vines (worn) {NoPotionHeal Regen++++}
   (You took it off a deep elf sorcerer on level 3 of the Elven Halls)

   NoPotionHeal: Its wearer cannot be healed by potions.
   Regen:     It increases your rate of health regeneration.
 B - a +2 pair of boots of flying (worn)
 S - a +5 kite shield of reflection (worn)
Jewellery
 c - an amulet of the acrobat (around neck)
 h - a ring of wizardry (right hand)
 i - the ring of Xuzada {rPois rC++ rCorr Dex+6 Stlth-}
   (You found it on level 1 of the Depths)

   [ring of dexterity]

   Dex:       It affects your dexterity (+6).
   rC:        It greatly protects you from cold.
   rPois:     It protects you from poison.
   rCorr:     It protects you from acid and corrosion.
   Stlth:     It makes you less stealthy.
 H - the ring "Jeilobye" (left hand) {Contam rElec rF+ rN++ SInv}
   (You bought it in a shop on level 1 of the Elven Halls)

   [ring of protection from fire]

   rF:        It protects you from fire.
   rElec:     It insulates you from electricity.
   rN:        It greatly protects you from negative energy.
   SInv:      It lets you see invisible.
   Contam:    It causes magical contamination when unequipped.
Wands
 o - a wand of mindburst (67)
 s - a wand of paralysis (48)
 G - a wand of acid (29)
 M - a wand of roots (40)
 Z - a wand of digging (14)
Scrolls
 f - 5 scrolls of butterflies
 j - 13 scrolls of poison
 C - a scroll of fog
 K - 9 scrolls of revelation
 Y - 9 scrolls of fear
Potions
 g - 11 potions of heal wounds
 m - 5 potions of invisibility
 q - 5 potions of brilliance
 v - 6 potions of lignification
 w - 9 potions of enlightenment
 z - 7 potions of ambrosia
 D - a potion of mutation
 I - 22 potions of curing
 Q - a potion of magic
 R - 3 potions of resistance
 V - 6 potions of cancellation
Miscellaneous
 y - a phial of floods
 P - a box of beasts
 W - a phantom mirror


   Skills:
 + Level 17.8 Fighting
 - Level 4.2 Maces & Flails
 - Level 5.0 Ranged Weapons
 - Level 11.0 Armour
 - Level 12.0 Dodging
 - Level 14.0 Stealth
 + Level 21.9 Shields
 - Level 21.0 Spellcasting
 - Level 20.0 Conjurations
 - Level 10.0 Necromancy
 - Level 13.0 Translocations
 - Level 20.2 Fire Magic
 + Level 18.2 Ice Magic
 - Level 5.0 Air Magic
 - Level 4.5 Poison Magic
 - Level 3.0 Evocations


You had one spell level left.
You knew the following spells:

 Your Spells              Type           Power      Damage    Failure   Level
c - Starburst             Conj/Fire      41%        6d12      1%          6
d - Iskenderun's Mystic   Conj/Tloc      75%        2d15      1%          4
l - Freezing Cloud        Conj/Ice/Air   35%        6-21      1%          5
m - Mephitic Cloud        Conj/Pois/Air  59%        N/A       1%          3
n - Fire Storm            Conj/Fire      41%        8d10      8%          9
o - Orb of Destruction    Conj           41%        9d11      1%          7
p - Passage of Golubria   Tloc           67%        N/A       1%          4
q - Ignition              Fire           41%        3d12      1%          8
s - Sticky Flame          Conj/Fire      82%        2d9       0%          4
u - Sublimation of Blood  Necr           59%        N/A       1%          2
E - Conjure Ball Lightni  Conj/Air       32%        3x3d10    1%          6
V - Polar Vortex          Ice            39%        N/A       16%         9

Your spell library contained the following spells:

 Spells                   Type           Power      Damage    Failure   Level
 Shatter                  Erth           11%        3d12*     100%        9
 Apportation              Tloc           100%       N/A       0%          1
 Foxfire                  Conj/Fire      100%       2x1d9     0%          1
 Freeze                   Ice            100%       1d10      0%          1
 Magic Dart               Conj           100%       1d8       0%          1
 Shock                    Conj/Air       100%       1d9       0%          1
 Beastly Appendage        Tmut           44%        N/A       1%          1
 Necrotise                Necr           100%       1d9       1%          1
 Slow                     Hex            88%        N/A       1%          1
 Sting                    Tmut/Pois      100%       1d8       1%          1
 Summon Small Mammal      Summ           88%        N/A       1%          1
 Momentum Strike          Conj/Tloc      100%       3d10      0%          2
 Static Discharge         Conj/Air       100%       2-7/arc   0%          2
 Frozen Ramparts          Ice            100%       1d16      0%          3
 Hailstorm                Conj/Ice       80%        3d16      0%          3
 Volatile Blastmotes      Fire/Tloc      100%       2d18      0%          3
 Flame Wave               Conj/Fire      82%        2d18      0%          4
 Fireball                 Conj/Fire      41%        3d17      0%          5
 Iskenderun's Battlesphe  Conj           82%        2d13      0%          5
 Call Imp                 Summ           44%        N/A       1%          2
 Cigotuvi's Dreadful Rot  Necr/Pois/Air  98%        N/A       1%          2
 Ensorcelled Hibernation  Hex/Ice        100%       N/A       1%          2
 Passwall                 Tmut/Erth      18%        N/A       1%          2
 Poisonous Vapours        Pois/Air       84%        N/A       1%          2
 Wereblood                Tmut           22%        N/A       1%          2
 Dazzling Flash           Conj/Hex       100%       N/A       1%          3
 Gell's Gravitas          Tloc           67%        N/A       1%          3
 Ignite Poison            Fire/Tmut/Pois 54%        N/A       1%          3
 Inner Flame              Hex/Fire       59%        N/A       1%          3
 Portal Projectile        Hex/Tloc       98%        N/A       1%          3
 Spider Form              Tmut/Pois      31%        N/A       1%          3
 Stone Arrow              Conj/Erth      100%       3d13      1%          3
 Teleport Other           Tloc           67%        N/A       1%          3
 Vampiric Draining        Necr           59%        2d10      1%          3
 Airstrike                Air            21%        2d(4-20)  1%          4
 Anguish                  Hex/Necr       21%        N/A       1%          4
 Animate Dead             Necr           59%        N/A       1%          4
 Dispel Undead            Necr           59%        3d21      1%          4
 Fulminant Prism          Conj/Hex       29%        3d14      1%          4
 Ice Form                 Ice/Tmut       57%        N/A       1%          4
 Olgreb's Toxic Radiance  Pois           41%        N/A       1%          4
 Summon Ice Beast         Ice/Summ       57%        N/A       1%          4
 Agony                    Necr           59%        N/A       1%          5
 Irradiate                Conj/Tmut      29%        3d21      1%          5
 Metabolic Englaciation   Hex/Ice        28%        N/A       1%          5
 Dispersal                Tloc           33%        N/A       1%          6
 Simulacrum               Ice/Necr       34%        N/A       1%          6
 Ozocubu's Refrigeration  Ice            39%        4d16      1%          7
 Death Channel            Necr           29%        N/A       2%          6
 Call Canine Familiar     Summ           22%        N/A       3%          3
 Confusing Touch          Hex            22%        N/A       3%          3
 Summon Guardian Golem    Hex/Summ       22%        N/A       3%          3
 Tukima's Dance           Hex            22%        N/A       3%          3
 Summon Lightning Spire   Summ/Air       32%        N/A       3%          4
 Borgnjor's Vile Clutch   Necr/Erth      21%        N/A       3%          5
 Spellforged Servitor     Conj/Summ      29%        N/A       4%          7
 Lee's Rapid Deconstruct  Erth           11%        3d8*      8%          5
 Yara's Violent Unravell  Hex/Tmut       11%        3d6       8%          5
 Animate Armour           Summ/Erth      44%        N/A       11%         4
 Cause Fear               Hex            11%        N/A       11%         4
 Petrify                  Tmut/Erth      22%        N/A       11%         4
 Alistair's Intoxication  Tmut/Pois      20%        N/A       12%         5
 Eringya's Noxious Bog    Tmut/Pois      15%        N/A       16%         6
 Blade Hands              Tmut           11%        N/A       26%         5
 Lehudib's Crystal Spear  Conj/Erth      29%        10d8      26%         8
 Disjunction              Tloc           33%        N/A       32%         8
 Statue Form              Tmut/Erth      14%        N/A       80%         6
 Summon Cactus Giant      Summ           11%        N/A       80%         6
 Dragon Form              Tmut           11%        N/A       100%        7
 Enfeeble                 Hex            11%        N/A       100%        7
 Necromutation            Tmut/Necr      21%        N/A       100%        8
 Dragon's Call            Summ           11%        N/A       100%        9
 Blink                    Tloc           Unusable   N/A       N/A         2
 Swiftness                Air            Unusable   N/A       N/A         3
 Vhi's Electric Charge    Tloc/Air       Unusable   N/A       N/A         3

Dungeon Overview and Level Annotations

Branches:
Dungeon (15/15)            Temple (1/1) D:5            Lair (5/5) D:9
 Shoals (4/4) Lair:3        Snake (4/4) Lair:2        Slime (5/5) Lair:5
    Orc (2/2) D:11            Elf (3/3) Orc:2        Vaults (5/5) D:14
  Crypt (3/3) Vaults:2       Tomb (1/3) Crypt:3      Depths (4/4) D:15
   Hell (1/1)                 Dis (0/7) Hell            Geh (0/7) Hell
    Coc (0/7) Hell            Tar (4/7) Hell            Zot (5/5) Depths:4
  IceCv (visited)         Desolation (visited)

Altars:
Ashenzari
Cheibriados
Dithmenos
Elyvilon
Fedhas
Gozag
Hepliaklqana
Kikubaaqudgha
Makhleb
Nemelex Xobeh
Okawaru
Qazlal
Ru
Sif Muna
Trog
Uskayaw
Vehumet
Wu Jian
Xom
Yredelemnul
Zin
The Shining One
Lugonu

Shops:
D:5 =   D:9 *   Orc:2 [!*   Elf:1 *(=   Elf:2 =   Shoals:4 :   Snake:4 *(
Vaults:3 (   Depths:3 [*:(:

Portals:
Hell: Depths:1 Depths:2 Depths:3 Depths:4
Abyss: Lair:2 Depths:2 Depths:3
Pandemonium: Orc:2 Depths:2 Depths:4
Ziggurat: Depths:4

Annotations:
Tomb:1 !Boris, Boris


Innate Abilities, Weirdness & Mutations

You cannot be hasted, slowed, berserked, paralysed or teleported.
You can dig through walls and to a lower floor.
You have a pair of large antennae on your head. (SInv)
Your four strong arms can wield two-handed weapons with a shield.
You have sharp fingernails.
You are agile. (Dex +4, Str/Int -1)
Armour fits poorly on your strangely shaped body.
Your system is resistant to poisons. (rPois)
You are vulnerable to cold. (rC-)


Message History

Unknown command.
Press: ? - help, v - describe, . - travel
Here: a doom hound (moderately wounded, ready to howl)
The floor.
Unknown command.
Okay, then.
Okay, then.
Okay, then.
Unknown command.
Unknown command.
Unknown command.
Unknown command.
Press: ? - help, v - describe, . - travel
Here: a doom hound (moderately wounded, ready to howl)
The floor.
Unknown command.
Unknown command.
Unknown command.
Unknown command.
Unknown command.
Press: ? - help, v - describe, . - travel
Here: a doom hound (moderately wounded, ready to howl)
The floor.
Unknown command.
Unknown command.
Okay, then.
Unknown command.
Unknown command.
Unknown command.
Unknown command.
Unknown command.
Casting: Polar Vortex (dangerous; 16% risk of failure)
Confirm with . or Enter, or press ? or * to list all spells.
You need to wait for the winds to calm down.
Unknown command.
Unknown command.
Unknown command.
The tainted leviathan attacks as you move away!
The tainted leviathan hits you!!
You die...

####≈≈............#..............~≈≈~
.#§≈§.............................~~≈
.#§§..............#................~~
##≈..................................
#≈...................................
≈....................................
................#...#................
.)...........^.......................
................#...#................
.....................................
.............##.#...#.##.............
..............#........##............
...........###..#...#..###...........
..........###...........###..........
..........##....#...#....##..........
.........###.............###.........
...^.....##...#.......#...##.........
.........##......hC........#.........
#........##...#...@...#....#........#
##.......##...............##.......##
###################################


You could see a tainted leviathan and a doom hound (can howl).

Vanquished Creatures
  the Royal Jelly (Slime:5)
  A dread lich (Vaults:5)
  3 ancient liches
  4 orbs of fire
  A juggernaut (Depths:4)
  Sojobo (Crypt:3)
  Vv (Zot:3)
  Margery (Vaults:3)
  5 curse toes
  Geryon (Hell)
  Saint Roka (Snake:4)
  Nikola (Shoals:1)
  9 golden dragons
  the Enchantress (Depths:1)
  A profane servitor (Tar:1)
  21 tentacled monstrosities
  An electric golem (Zot:3)
  9 liches
  2 tainted leviathans
  3 deep elf blademasters
  3 walking crystal tomes
  Mlioglotl (Snake:3)
  A walking earthen tome (Depths:4)
  3 quicksilver dragons
  10 Orb Guardians
  Murray (Depths:1)
  A walking divine tome (Depths:4)
  3 deep elf master archers (Elf:3)
  16 acid blobs
  8 titans
  A kraken (Shoals:1)
  Polyphemus (Shoals:3)
  3 ancient champions
  14 shadow dragons
  4 death cobs
  6 sphinxes
  6 tengu reavers
  The ghost of Pooter the Severer, an adept MiBe of Trog (Elf:1)
  3 draconian monks
  16 storm dragons
  Agnes (Snake:2)
  2 revenants (Crypt:3)
  Donald (Shoals:4)
  5 rockslimes
  8 nagarajas
  Ilsuiw (Shoals:4)
  7 azure jellies
  6 draconian knights
  10 deep elf sorcerers
  8 fire giants
  Louise (D:15)
  7 frost giants
  4 iron dragons
  The ghost of freelancePsychic the Warrior, an adept GrEn of Trog (Orc:1)
  A balrug (Hell)
  5 ghouls
  4 draconian scorchers
  2 ghost moths
  15 vault wardens
  6 draconian shifters
  A deep elf elementalist (Elf:3)
  A spectral caustic shrike (Tar:2)
  An angel (Depths:4)
  2 juggernaut zombies
  6 reapers (Hell)
  4 curse skulls
  A caustic shrike zombie (Hell)
  16 very ugly things
  6 draconian annihilators
  9 quicksilver oozes
  23 ironbound preservers
  6 draconian stormcallers
  An orc warlord (Vaults:2)
  5 war gargoyles
  11 ironbound thunderhulks
  9 black draconians
  3 spriggan defenders (Depths:1)
  10 stone giants
  10 vampire knights
  5 deep elf demonologists
  4 putrid mouths
  A lorocyproca (Hell)
  8 green draconians
  7 deep elf annihilators
  The ghost of Rudyous the Frost Mage, a journeyman DsIE of Vehumet (D:12)
  3 yellow draconians
  7 dire elephants
  9 purple draconians
  8 red draconians
  A minotaur (shapeshifter) (Elf:1)
  11 white draconians
  10 eidola
  4 spark wasps
  3 blizzard demons
  Josephine (D:15)
  An ettin (shapeshifter) (Vaults:5)
  4 merfolk javelineers
  7 ettins
  2 crystal guardians
  13 deep elf death magi
  7 fire dragons
  An iron golem (Depths:1)
  An acid blob zombie (Crypt:2)
  5 merfolk impalers
  10 jiangshi
  3 entropy weavers (Vaults:1)
  Fannar (Lair:1)
  12 yaktaur captains
  A spectral spriggan (Tar:3)
  34 vault guards
  6 deep elf high priests
  A salamander tyrant (Snake:3)
  2 mummy priests
  7 hydras
  3 peacekeepers
  A fenstrider witch zombie (Crypt:1)
  Erica (Lair:1)
  2 rakshasas
  2 demonspawn (Orc:2)
  2 hell beasts (Hell)
  2 ogre magi
  7 spriggan air magi
  15 great orbs of eyes
  A death knight (Crypt:1)
  An alligator snapping turtle (Shoals:4)
  7 ironbound frosthearts
  4 ice dragons
  2 catoblepae
  2 spriggan skeletons
  6 merfolk aquamancers
  A merfolk avatar (Shoals:4)
  6 boulder beetles
  12 anacondas
  24 dancing weapons
  10 two-headed ogres
  An anaconda (shapeshifter) (Vaults:5)
  5 hell hogs (Hell)
  23 centaur warriors
  A death yak (shapeshifter) (Vaults:5)
  3 deep troll shamans
  18 naga warriors
  6 vampire magi
  5 deep troll earth magi
  A spectral dire elephant (Tar:2)
  The ghost of TittyCrusher the Destroyer, a journeyman DEFE of Vehumet (D:9)
  7 spriggan berserkers
  5 tengu warriors
  7 orc high priests
  9 death yaks
  15 naga sharpshooters
  9 shock serpents
  4 sun demons (Hell)
  20 deep elf knights
  10 soul eaters
  5 spriggans
  A titan zombie (Crypt:1)
  17 hell knights
  10 skysharks
  11 shadow wraiths (Crypt:3)
  A fire crab (Lair:5)
  2 titan skeletons (Crypt:1)
  17 sea snakes
  2 iron trolls
  17 skeletal warriors
  A spark wasp zombie (Hell)
  A spectral bunyip (Tar:2)
  84 deep trolls
  10 flayed ghosts
  3 bog bodies
  An anaconda zombie (Hell)
  2 salamander mystics (Snake:3)
  5 glowing orange brains
  16 deep elf archers
  7 lindwurms
  9 naga ritualists
  8 spriggan simulacra (IceCv)
  A golden dragon skeleton (Crypt:3)
  An obsidian statue (IceCv)
  4 wizards
  24 phantasmal warriors
  2 spectral hydras
  An orange crystal statue (Snake:2)
  2 anaconda skeletons
  10 orc knights
  9 mana vipers
  27 harpies
  28 deep elf zephyrmancers
  A shadow dragon zombie (Hell)
  A broodmother zombie (Crypt:2)
  A mana viper (shapeshifter) (Vaults:5)
  An oklob plant (Lair:2)
  32 ugly things
  9 ironbound convokers
  15 necromancers
  31 deep elf pyromancers
  2 wolf spiders
  A sphinx zombie (Hell)
  8 orc sorcerers
  6 shining eyes
  3 frost giant zombies
  13 manticores
  2 fire giant zombies (Hell)
  A shining eye (shapeshifter) (Elf:1)
  2 fauns (shapeshifter) (Elf:1)
  2 stone giant zombies
  A spectral centaur (Crypt:3)
  9 cyclopes
  35 moths of wrath
  21 salamanders
  A formless jellyfish zombie (Crypt:2)
  A dire elephant zombie (Crypt:2)
  2 centaur zombies
  8 rust devils
  A stone giant skeleton (Crypt:2)
  A water nymph (shapeshifter) (Depths:4)
  3 gargoyles
  A fire giant skeleton (Crypt:2)
  3 guardian serpents
  26 naga magi
  An eleionoma skeleton (Crypt:1)
  17 vault sentinels
  14 elephants
  16 cane toads
  An eye of devastation (shapeshifter) (Vaults:1)
  40 black mambas
  14 merfolk sirens
  7 smoke demons (Hell)
  9 water nymphs
  A torpor snail (Lair:2)
  3 molten gargoyles (Hell)
  A cane toad (shapeshifter) (Elf:1)
  5 unseen horrors (Depths:3)
  2 orange demons
  A centaur skeleton (Crypt:1)
  7 komodo dragons
  5 rime drakes
  A sea snake zombie (Hell)
  4 eyes of devastation
  3 kobold demonologists
  A naga skeleton (Crypt:2)
  4 hellions
  A minotaur zombie (Crypt:2)
  12 freezing wraiths
  18 yaktaurs
  18 ice devils
  An unseen horror skeleton (Crypt:3)
  A yaktaur (shapeshifter) (Elf:2)
  2 golden dragon simulacra (IceCv)
  8 trolls
  3 anaconda simulacra (IceCv)
  3 tengu conjurers
  2 spectral harpies (Tar:2)
  A silent spectre (Depths:2)
  6 guardian mummies
  4 harpy zombies (Shoals:4)
  2 red devils
  3 hydra zombies (Hell)
  14 polar bears
  4 wind drakes
  A meliai (D:9)
  A troll (shapeshifter) (Elf:1)
  39 merfolk
  2 hellwings (Depths:2)
  6 hornets
  A wind drake (shapeshifter) (Elf:1)
  A raiju (shapeshifter) (Vaults:5)
  2 raiju (Lair:5)
  14 blink frogs
  8 snapping turtles
  6 dream sheep
  120 slime creatures
  3 small abominations (Depths:3)
  An ettin zombie (Hell)
  A jumping spider (Vaults:1)
  4 large abominations (Depths:3)
  A culicivora (Vaults:1)
  27 flying skulls
  15 shadows
  2 centaur simulacra
  7 wraiths
  5 air elementals
  A ynoxinul (Orc:2)
  9 wyverns
  2 dire elephant simulacra (IceCv)
  3 hogs (D:9)
  62 yaks
  A yak (shapeshifter) (Elf:1)
  7 humans
  22 water elementals
  3 golden eyes (Slime:5)
  4 redbacks (Vaults:1)
  A redback (shapeshifter) (Elf:1)
  A sea snake simulacrum (Hell)
  A glowing shapeshifter zombie (Hell)
  9 vampire mosquitoes
  7 basilisks
  7 chaos spawn
  2 fire elementals
  9 minotaur simulacra (IceCv)
  A swamp worm (shapeshifter) (Elf:1)
  2 acid dragons
  2 harpy simulacra (IceCv)
  9 water moccasins
  A hydra simulacrum (IceCv)
  A naga zombie (Crypt:1)
  8 wargs
  30 nagas
  A two-headed ogre zombie (Crypt:1)
  24 hell hounds
  A two-headed ogre skeleton (Crypt:2)
  40 orc warriors
  A black bear (shapeshifter) (D:15)
  A sky beast (D:7)
  12 black bears
  2 alligator simulacra (IceCv)
  A manticore zombie (Shoals:4)
  6 ogres
  9 centaurs
  A tengu (shapeshifter) (D:13)
  A wolf (shapeshifter) (Elf:1)
  25 wolves
  An elephant skeleton (Crypt:2)
  A phantom (D:7)
  4 kobold brigands
  13 bullfrogs
  2 gnoll sergeants
  7 deep troll simulacra (IceCv)
  4 earth elementals
  A draconian skeleton (Crypt:2)
  5 necrophages
  4 wights (D:7)
  3 killer bees (D:10)
  2 warg skeletons (Crypt:3)
  5 howler monkeys
  A raiju skeleton (Crypt:3)
  6 electric eels
  6 lava snakes
  24 orc priests
  6 hounds
  3 gnoll boudas
  4 jellies
  A sleepcap (D:5)
  A bullfrog skeleton (Crypt:1)
  3 iguanas
  11 hell rats
  23 orc wizards
  A deep dwarf zombie (Crypt:1)
  8 mummies
  18 gnolls
  2 adders
  4 river rats (Lair:1)
  A shadow imp (D:6)
  A steam dragon skeleton (Crypt:1)
  An iguana skeleton (Crypt:2)
  2 worms
  A dart slug (D:2)
  85 orcs
  6 endoplasms
  2 giant cockroaches
  8 goblins
  7 hobgoblins
  8 jackals
  A quokka (D:4)
  6 ball pythons
  6 bats
  12 frilled lizards
  A giant cockroach zombie (Crypt:3)
  26 kobolds
  An orc zombie (Crypt:1)
  10 rats
  A butterfly (Lair:3)
  34 fire vortices
  A lurking horror (Lair:2)
  A tentacle (Shoals:1)
2688 creatures vanquished.

Vanquished Creatures (collateral kills)
  A tentacled monstrosity (Depths:3)
  A lich (Vaults:5)
  2 tainted leviathans (Tar:2)
  A titan (Depths:3)
  5 acid blobs
  A sphinx (Depths:4)
  2 azure jellies
  A rockslime (Slime:1)
  2 storm dragons
  A frost giant (Depths:4)
  A draconian scorcher (Zot:4)
  A formless jellyfish (shapeshifter) (Vaults:5)
  2 ironbound preservers
  A black draconian (Zot:1)
  A green draconian (Zot:1)
  A putrid mouth (Tar:1)
  A white draconian (Zot:2)
  2 yellow draconians (Zot:3)
  A purple draconian (Zot:2)
  2 ettins
  An eidolon (Crypt:1)
  A yaktaur captain (Vaults:5)
  2 great orbs of eyes (Slime:5)
  A vault guard (Vaults:5)
  A titan zombie (Crypt:1)
  A spectral dire elephant (Crypt:3)
  2 spriggans (Depths:4)
  2 shadow wraiths
  2 skeletal warriors
  A spectral bunyip (Crypt:3)
  2 deep trolls
  A spectral anaconda (Tar:2)
  An anaconda zombie (Hell)
  A spectral iron dragon (Tar:1)
  An ironbound convoker (Vaults:5)
  2 phantasmal warriors
  2 shining eyes
  An ugly thing (Vaults:5)
  2 moths of wrath
  An orc zombie (Crypt:2)
  A dire elephant zombie (Crypt:3)
  A guardian mummy (Crypt:3)
  A tormentor (Tar:3)
  A hydra zombie (Hell)
  A spectral harpy (Tar:2)
  A hornet (Depths:4)
  12 slime creatures
  A centaur simulacrum (Crypt:1)
  A dire elephant simulacrum (Crypt:2)
  2 shadows (Crypt:3)
  A wraith (Crypt:1)
  3 golden eyes (Slime:5)
  A manticore zombie (Crypt:1)
  4 mummies
  An orc skeleton (Crypt:2)
  A rat skeleton (Crypt:1)
  A river rat skeleton (Crypt:3)
  6 ball lightnings
98 creatures vanquished.

Vanquished Creatures (others)
  A lich (Vaults:5)
  A hellion (Tar:4)
  A slime creature (Slime:2)
  2 humans
  172 ball lightnings
  770 fire vortices
  6 foxfires
  3 tentacles (Shoals:1)
956 creatures vanquished.

Grand Total: 3742 creatures vanquished

Notes
Turn   | Place    | Note
-------+----------+-------------------------------------------
     0 | D:5      | petzl the Formicid Delver began the quest for the Orb.
     0 | D:5      | Reached XP level 1. HP: 18/18 MP: 1/1
    39 | D:6      | Noticed a jelly
    50 | D:5      | Noticed a gnoll bouda
   163 | D:2      | Reached skill level 1 in Spellcasting
   213 | D:1      | Reached XP level 2. HP: 24/24 MP: 4/4
   873 | D:2      | Found a faded altar of an unknown god.
  1046 | D:1      | Reached XP level 3. HP: 29/29 MP: 7/7
  1572 | D:2      | Learned a level 1 spell: Magic Dart
  1576 | D:2      | Learned a level 3 spell: Mephitic Cloud
  1604 | D:2      | Reached XP level 4. HP: 35/35 MP: 8/8
  1905 | D:3      | Reached skill level 1 in Poison Magic
  2079 | D:3      | Reached skill level 1 in Conjurations
  2234 | D:3      | Reached skill level 1 in Air Magic
  2234 | D:3      | Reached XP level 5. HP: 17/41 MP: 3/10
  2808 | D:4      | Found an ancient bone altar of Kikubaaqudgha.
  2902 | D:4      | Reached XP level 6. HP: 37/47 MP: 7/11
  3777 | D:5      | Found Licu Ynn's Jewellery Shoppe.
  3779 | D:5      | Noticed a water moccasin
  3788 | D:5      | Gained mutation: Your mind is acute. (Int +4, Str/Dex -1)
                  | [potion of mutation]
  3788 | D:5      | Gained mutation: Your movements are slightly less
                  | encumbered by armour. (ER -2) [potion of mutation]
  3788 | D:5      | Gained mutation: You are resistant to electric shocks.
                  | (rElec) [potion of mutation]
  3808 | D:5      | You fall into a shaft and drop 3 floors!
  4078 | D:5      | Reached XP level 7. HP: 37/52 MP: 9/13
  4283 | D:5      | Found a staircase to the Ecumenical Temple.
  4301 | Temple   | Entered the Ecumenical Temple
  5036 | D:7      | Noticed a yak
  5267 | D:6      | Reached XP level 8. HP: 55/58 MP: 12/15
  5322 | D:6      | Found a radiant altar of Vehumet.
  5750 | D:6      | Became a worshipper of Vehumet
  6111 | D:7      | Noticed a yak
  6112 | D:7      | Noticed a yak
  6191 | D:7      | Reached skill level 5 in Spellcasting
  6382 | D:7      | Reached skill level 1 in Armour
  6382 | D:7      | Reached skill level 1 in Evocations
  6560 | D:7      | You fall into a shaft and drop 3 floors!
  6560 | D:10     | Entered Level 10 of the Dungeon
  6722 | D:10     | Reached skill level 1 in Ranged Weapons
  6729 | D:10     | Noticed a purple ugly thing
  6836 | D:9      | Found a white marble altar of Elyvilon.
  7136 | D:8      | Got Deismew's Encyclopedia of the Crevasse and Interference
  7143 | D:8      | Learned a level 5 spell: Freezing Cloud
  7165 | D:8      | Reached XP level 9. HP: 23/62 MP: 7/16
  7488 | D:8      | Reached skill level 1 in Ice Magic
  7697 | D:7      | Noticed a troll
  7757 | D:7      | You fall into a shaft and drop 3 floors!
  8070 | D:7      | Reached skill level 5 in Conjurations
  8325 | D:7      | Reached skill level 1 in Shields
  8980 | D:7      | Reached XP level 10. HP: 60/71 MP: 2/19
  8986 | D:7      | Reached * piety under Vehumet
  8986 | D:7      | Offered knowledge of Foxfire by Vehumet.
  8989 | D:7      | Learned a level 1 spell: Foxfire
  9731 | D:8      | Reached skill level 5 in Shields
 10063 | D:9      | Found a staircase to the Lair.
 10082 | D:9      | Found a shimmering blue altar of Sif Muna.
 10395 | D:9      | You fall into a shaft and drop 3 floors!
 10851 | D:12     | Noticed a komodo dragon
 10857 | D:12     | Killed a komodo dragon
 10926 | D:12     | Noticed a manticore
 10996 | D:12     | Killed a manticore
 11131 | D:12     | Noticed a two-headed ogre
 11169 | D:12     | Killed a two-headed ogre
 11170 | D:12     | Reached skill level 5 in Air Magic
 11170 | D:12     | Reached XP level 11. HP: 31/78 MP: 15/21
 11346 | D:12     | You fall into a shaft and drop 2 floors!
 11368 | D:14     | Noticed a vault guard
 11368 | D:14     | Noticed a vault guard
 11368 | D:14     | Noticed a vault guard
 11746 | D:11     | Reached skill level 5 in Fighting
 11850 | D:12     | Learned a level 2 spell: Sublimation of Blood
 11875 | D:12     | Found a runed translucent gate.
 11984 | D:11     | Reached skill level 5 in Ice Magic
 12050 | D:11     | Noticed a two-headed ogre
 12097 | D:11     | Found the +3 giant club "Skullcrusher" {speed, Str+7}
 12326 | D:10     | Offered knowledge of Scorch by Vehumet.
 12326 | D:10     | Reached ** piety under Vehumet
 13075 | D:9      | Reached skill level 1 in Necromancy
 13229 | D:9      | Found Xoimpis's Overcharged Wands.
 13364 | D:9      | Found a runed translucent gate.
 13364 | D:9      | Found a runed translucent gate.
 13364 | D:9      | Found a runed translucent gate.
 13366 | D:9      | Found an opulent altar of Gozag.
 13366 | D:9      | Noticed a purple ugly thing
 13367 | D:9      | Noticed TittyCrusher's ghost (journeyman DEFE)
 13368 | D:9      | Noticed a cyclops
 13549 | D:9      | Offered knowledge of Volatile Blastmotes by Vehumet.
 13811 | D:7      | Found the +18 Lear's hauberk
 13933 | D:10     | Killed a purple ugly thing
 14449 | D:11     | Reached *** piety under Vehumet
 14584 | D:11     | Reached XP level 12. HP: 86/86 MP: 23/23
 14823 | D:11     | Found a staircase to the Orcish Mines.
 14833 | D:11     | Killed a two-headed ogre
 15019 | D:5      | Bought a ring of willpower for 375 gold pieces
 15341 | D:12     | Noticed a boulder beetle
 15359 | D:12     | Killed a boulder beetle
 15448 | D:12     | Noticed a boulder beetle
 15517 | D:12     | Killed a boulder beetle
 15535 | D:12     | Found a runed translucent gate.
 15535 | D:12     | Found a runed translucent gate.
 15536 | D:12     | Noticed Rudyous's ghost (journeyman DsIE)
 16387 | D:13     | Learned a level 7 spell: Orb of Destruction
 16516 | D:13     | Noticed a four-headed hydra
 16523 | D:13     | Killed a four-headed hydra
 16655 | D:13     | Noticed a +0 dagger
 16656 | D:13     | Found a hide-covered altar of Uskayaw.
 16656 | D:13     | Noticed a +0 hand axe
 16674 | D:13     | Noticed a centaur warrior
 16677 | D:13     | Offered knowledge of Olgreb's Toxic Radiance by Vehumet.
 16678 | D:13     | Killed a centaur warrior
 16752 | D:13     | Noticed an eight-headed hydra
 16779 | D:13     | Killed an eight-headed hydra
 17130 | D:13     | Reached XP level 13. HP: 76/91 MP: 20/26
 17193 | D:13     | Reached skill level 10 in Conjurations
 17374 | D:14     | Noticed a fire dragon
 17620 | D:9      | You fall into a shaft and drop 3 floors!
 17857 | D:9      | Killed TittyCrusher's ghost
 17988 | Lair:1   | Entered Level 1 of the Lair of Beasts
 18046 | Lair:1   | Reached **** piety under Vehumet
 18047 | Lair:1   | Reached skill level 10 in Spellcasting
 18047 | Lair:1   | Noticed Fannar
 18059 | Lair:1   | Noticed Erica
 18081 | Lair:1   | Killed Erica
 18295 | Lair:1   | Offered knowledge of Arcjolt by Vehumet.
 18384 | Lair:2   | Noticed a seven-headed hydra
 18408 | Lair:2   | Killed a seven-headed hydra
 18572 | Lair:2   | Found a corrupted altar of Lugonu.
 18582 | Lair:2   | Found a one-way gate to the infinite horrors of the Abyss.
 18733 | Lair:2   | Reached ***** piety under Vehumet
 18733 | Lair:2   | Offered knowledge of Airstrike by Vehumet.
 18943 | Lair:2   | Reached XP level 14. HP: 98/98 MP: 21/29
 19103 | Lair:2   | Found a staircase to the Snake Pit.
 19639 | Lair:3   | Found a staircase to the Shoals.
 20036 | Lair:3   | Offered knowledge of Lee's Rapid Deconstruction by Vehumet.
 20525 | Lair:1   | You fall into a shaft and drop 1 floor!
 20695 | Lair:1   | Killed Fannar
 20928 | Lair:1   | Identified the +0 great sword of Zinou {freeze, rPois rF+
                  | rN+}
 22280 | Lair:4   | Reached skill level 1 in Fire Magic
 22788 | Lair:5   | Entered Level 5 of the Lair of Beasts
 23214 | Lair:4   | Reached XP level 15. HP: 104/104 MP: 26/31
 24008 | Lair:5   | Reached skill level 5 in Ranged Weapons
 24236 | Lair:5   | Found a staircase to the Slime Pits.
 24643 | Lair:5   | Reached skill level 5 in Necromancy
 24750 | Lair:5   | Offered knowledge of Eringya's Noxious Bog by Vehumet.
 25036 | Lair:5   | Reached skill level 5 in Armour
 25932 | Orc:1    | Entered Level 1 of the Orcish Mines
 26059 | Orc:1    | Found a transporter.
 26059 | Orc:1    | Found a transporter.
 26074 | Orc:1    | Found a bloodstained altar of Trog.
 26087 | Orc:1    | Noticed freelancePsychic's ghost (adept GrEn)
 26311 | Orc:2    | Entered Level 2 of the Orcish Mines
 26575 | Orc:2    | Offered knowledge of Plasma Beam by Vehumet.
 27631 | Orc:2    | Found a staircase to the Elven Halls.
 27955 | Orc:2    | Reached skill level 10 in Shields
 28151 | Orc:2    | Found Rietann's Distillery.
 28236 | Orc:2    | Found Ditudav's General Store.
 28486 | Orc:2    | Reached skill level 10 in Stealth
 28575 | Orc:2    | Reached XP level 16. HP: 115/115 MP: 26/32
 28667 | Orc:2    | Offered knowledge of Ozocubu's Refrigeration by Vehumet.
 29030 | Orc:2    | Bought a potion of heal wounds for 65 gold pieces
 29030 | Orc:2    | Bought a potion of heal wounds for 65 gold pieces
 29030 | Orc:2    | Bought a potion of enlightenment for 65 gold pieces
 29276 | Orc:2    | Found Xekiub's Book Boutique.
 29276 | Orc:2    | Found Ucid's Antique Armour Shop.
 29277 | Orc:2    | Found a one-way gate leading to the halls of Pandemonium.
 29290 | Orc:2    | Bought a pair of glowing boots for 225 gold pieces
 29609 | Orc:2    | Bought a potion of mutation for 104 gold pieces
 29611 | Orc:2    | Bought a wand of mindburst (6) for 109 gold pieces
 29611 | Orc:2    | Bought a scroll of identify for 26 gold pieces
 29611 | Orc:2    | Bought a scroll of revelation for 97 gold pieces
 29634 | Elf:1    | Entered Level 1 of the Elven Halls
 30087 | Elf:3    | Entered Level 3 of the Elven Halls
 30393 | Elf:2    | Found Xedu's Jewellery Shop.
 30393 | Elf:2    | Found a crumbling gateway.
 30544 | Elf:2    | Bought the ring of Duucae {Will+ MP+9} for 586 gold pieces
 30587 | Desolati | Entered the Desolation of Salt
 30985 | Elf:1    | Noticed Pooter's ghost (adept MiBe)
 31001 | Elf:1    | Found a transporter.
 31036 | Elf:1    | Found a transporter.
 31058 | Elf:1    | Noticed a frost giant
 31062 | Elf:1    | a frost giant changed into an iron troll
 31309 | Elf:2    | Noticed a deep elf sorcerer
 31392 | Elf:1    | Found Loh Xits's Weapon Emporium.
 31392 | Elf:1    | Found Vawem's General Store.
 31479 | Elf:1    | Bought 5 curare-tipped darts for 96 gold pieces
 31620 | Elf:1    | Found Urar's Jewellery Shoppe.
 31636 | Elf:1    | Bought the ring "Jeilobye" {Contam rElec rF+ rN++ SInv} for
                  | 673 gold pieces
 31666 | Elf:1    | Noticed an emperor scorpion
 31765 | Elf:2    | Killed a deep elf sorcerer
 32488 | Elf:2    | Reached XP level 17. HP: 104/127 MP: 34/34
 32658 | Elf:2    | Reached skill level 10 in Fighting
 32799 | Elf:2    | Found a huge runed translucent gate.
 32801 | Elf:2    | Found a huge runed translucent gate.
 32801 | Elf:2    | Found a huge runed translucent gate.
 32803 | Elf:2    | Found a huge runed translucent gate.
 32803 | Elf:2    | Found a huge runed translucent gate.
 33519 | Elf:3    | Offered knowledge of Iskenderun's Battlesphere by Vehumet.
 33749 | Elf:3    | Reached skill level 5 in Fire Magic
 33966 | Elf:3    | Noticed a deep elf master archer
 33973 | Elf:3    | Killed a deep elf master archer
 34648 | Elf:3    | Noticed a deep elf master archer
 34651 | Elf:3    | Killed a deep elf master archer
 34652 | Elf:3    | Noticed a deep elf blademaster
 34681 | Elf:3    | Identified the ring of Muakoal {Contam rF+ Str+6 SInv}
 34750 | Elf:3    | Noticed a deep elf blademaster
 34757 | Elf:3    | Killed a deep elf blademaster
 34952 | Elf:3    | Identified the +0 chain mail of the Sun {*Slow rF+++ rC+
                  | Will+}
 34952 | Elf:3    | Identified the ring of Ihegh {EV+5 Str+6}
 34952 | Elf:3    | Noticed a deep elf master archer
 34964 | Elf:3    | Killed a deep elf master archer
 35141 | Elf:3    | Identified the +9 glaive "Reeqok" {freeze, Fly Str+2}
 35147 | Elf:3    | Reached skill level 15 in Conjurations
 35201 | Elf:3    | Identified the +6 glaive "Daxuc" {heavy, Fly rF+++ Will-
                  | Str+3}
 35219 | Elf:3    | Reached XP level 18. HP: 96/134 MP: 27/36
 35545 | Elf:3    | Killed a deep elf blademaster
 35622 | Elf:3    | Identified the +8 morningstar of Gimimuic {venom, rC+ rCorr
                  | Int+3 Dex-3}
 35622 | Elf:3    | Identified the +0 leather armour of Saemetin {Harm Drain
                  | Will+ Int+4}
 35728 | Elf:3    | Found the +8 storm bow {elec, penet}
 35800 | Elf:3    | Identified the +5 spear of Instant Death {pain, Fly}
 35807 | Elf:3    | Identified the staff "Grim" {rPois rF+ Fire}
 36351 | Shoals:1 | Entered Level 1 of the Shoals
 36500 | Lair:3   | Reached ****** piety under Vehumet
 36870 | Shoals:1 | Offered knowledge of Starburst by Vehumet.
 37049 | Shoals:1 | Noticed Nikola
 37057 | Shoals:1 | Killed Nikola
 37057 | Shoals:1 | Noticed a kraken
 37165 | Shoals:1 | Killed a kraken
 37339 | Shoals:2 | Reached skill level 15 in Spellcasting
 39032 | Shoals:4 | Entered Level 4 of the Shoals
 39072 | Shoals:4 | Found Jukkosiu's Book Shoppe.
 39077 | Shoals:4 | Found a frozen archway.
 39091 | Shoals:4 | Learned a level 6 spell: Starburst
 39097 | IceCv    | Entered an ice cave
 39256 | IceCv    | Offered knowledge of Lehudib's Crystal Spear by Vehumet.
 39256 | IceCv    | Offered knowledge of Shatter by Vehumet.
 39256 | IceCv    | Offered knowledge of Ignition by Vehumet.
 39266 | IceCv    | Learned a level 8 spell: Ignition
 39321 | IceCv    | Identified the +7 whip "Majaseus" {pain, +Blink Dex+3}
 39545 | IceCv    | Reached skill level 10 in Fire Magic
 39986 | IceCv    | Reached XP level 19. HP: 140/140 MP: 31/38
 40243 | IceCv    | Identified the +5 glaive "Ugill" {flame, rC+ rCorr Stlth+}
 40763 | Shoals:3 | Noticed Polyphemus
 40769 | Shoals:3 | Killed Polyphemus
 41345 | Shoals:4 | Noticed Donald
 41354 | Shoals:4 | Killed Donald
 41583 | Shoals:4 | Bought a book of Spectacle for 480 gold pieces
 41588 | Shoals:4 | Learned a level 4 spell: Iskenderun's Mystic Blast
 41596 | Shoals:4 | Noticed Ilsuiw
 41629 | Shoals:4 | Killed Ilsuiw
 42022 | Shoals:4 | Identified the +7 shortbow of Faeqyrph {antimagic, rN+
                  | Dex+3}
 42157 | Shoals:4 | Identified the +1 sling "Worm" {heavy, Int+4}
 42599 | Shoals:4 | Got a barnacled rune of Zot
 43154 | Orc:1    | You are sucked into a shaft and drop 1 floor!
 43290 | Orc:1    | You are sucked into a shaft and drop 1 floor!
 43428 | Orc:1    | You are sucked into a shaft and drop 1 floor!
 43586 | Orc:1    | Killed freelancePsychic's ghost
 43896 | Elf:2    | You are sucked into a shaft and drop 1 floor!
 44131 | Elf:2    | Noticed a deep elf blademaster
 44139 | Elf:2    | You are sucked into a shaft and drop 1 floor!
 44204 | Elf:2    | Killed a deep elf blademaster
 44326 | Elf:2    | Reached XP level 20. HP: 151/151 MP: 36/39
 44694 | Elf:1    | You are sucked into a shaft and drop 1 floor!
 45181 | Elf:2    | Bought an amulet of the acrobat for 540 gold pieces
 45606 | D:14     | Found a transporter.
 46479 | D:14     | Found a gate to the Vaults.
 46513 | Vaults:1 | Entered Level 1 of the Vaults
 46744 | D:15     | Entered Level 15 of the Dungeon
 46919 | D:15     | Found a staircase to the Depths.
 46986 | D:15     | Got the Atlas of the Non-Euclidean Mortuary
 47361 | D:15     | Noticed Josephine
 47376 | D:15     | Killed Josephine
 47690 | D:15     | Noticed Louise
 47703 | D:15     | Killed Louise
 47924 | Depths:1 | Entered Level 1 of the Depths
 48071 | Depths:1 | Found a snail-covered altar of Cheibriados.
 48175 | Depths:2 | Identified the +9 plate armour of Ubiquitous the Leaf
                  | {Contam rC+ Str+5}
 48259 | Depths:1 | Found a gateway to Hell.
 48314 | Depths:1 | Identified the ring of Xuzada {rPois rC++ rCorr Dex+6
                  | Stlth-}
 48468 | Depths:1 | Reached skill level 15 in Shields
 48468 | Depths:1 | Noticed the Enchantress
 48629 | Depths:1 | Killed the Enchantress
 48696 | Depths:1 | Reached skill level 15 in Fire Magic
 48826 | Depths:1 | Reached XP level 21. HP: 142/161 MP: 32/40
 49352 | Depths:3 | Found Wonutam's Book Shop.
 49366 | Depths:3 | Bought the Incunabulum of Gaseous Snow for 432 gold pieces
 49366 | Depths:3 | Bought Sif Muna's Guide on Accelerants for 828 gold pieces
 49376 | Depths:3 | Learned a level 9 spell: Fire Storm
 50027 | D:9      | Learned a level 6 spell: Conjure Ball Lightning
 50261 | Elf:1    | Killed Pooter's ghost
 50283 | Elf:1    | Identified the +0 helmet "Ampabumn" {Will+}
 50880 | Snake:1  | Entered Level 1 of the Snake Pit
 51950 | Snake:2  | Identified the +4 glaive of Glory {heavy, rC+ rN+}
 51957 | Snake:2  | Found a transporter.
 51965 | Snake:2  | Noticed Agnes
 51970 | Snake:2  | Killed Agnes
 52145 | Snake:2  | Found a transporter.
 54041 | Snake:4  | Entered Level 4 of the Snake Pit
 54441 | Snake:3  | Reached XP level 22. HP: 169/169 MP: 24/41
 54582 | Snake:3  | Noticed Mlioglotl
 54589 | Snake:3  | Killed Mlioglotl
 54664 | Snake:4  | Found Ficitua's Antique Weapon Boutique.
 54735 | Snake:4  | Reached skill level 10 in Armour
 55334 | Snake:4  | Reached skill level 10 in Necromancy
 55475 | Snake:4  | Found Zomerud's General Store.
 56321 | Snake:4  | Noticed Saint Roka
 56331 | Snake:4  | Killed Saint Roka
 56720 | Snake:4  | Got a serpentine rune of Zot
 57449 | Vaults:1 | Identified the +2 ring mail of the Hart {Int+3}
 57820 | Vaults:1 | Reached XP level 23. HP: 175/175 MP: 27/42
 59537 | Vaults:2 | Found a staircase to the Crypt.
 59537 | Vaults:2 | Found a basalt altar of Yredelemnul.
 59537 | Vaults:2 | Found an ancient bone altar of Kikubaaqudgha.
 59544 | Crypt:1  | Entered Level 1 of the Crypt
 60055 | Vaults:2 | Noticed a dread lich
 60881 | Elf:1    | Bought a ring of wizardry for 420 gold pieces
 61834 | Vaults:2 | Reached XP level 24. HP: 180/182 MP: 26/42
 61837 | Vaults:2 | Gained mutation: Your magical capacity is low. (-10% MP)
                  | [mutagenic glow]
 62841 | Vaults:3 | Found Civoco's Weapon Shoppe.
 63191 | Vaults:3 | Noticed Margery
 63219 | Vaults:3 | Killed Margery
 64403 | Vaults:4 | Identified the +0 scimitar "Luqu Ting" {vamp, Fly MP+9
                  | Stlth+}
 66266 | Crypt:2  | Reached XP level 25. HP: 188/188 MP: 12/39
 66285 | Crypt:3  | Entered Level 3 of the Crypt
 66759 | Crypt:2  | Identified a scroll of acquirement
 68634 | Crypt:3  | Found a staircase to the Tomb.
 68640 | Tomb:1   | Entered Level 1 of the Tomb of the Ancients
 68849 | Tomb:1   | Noticed Boris
 69501 | Crypt:3  | Found an ancient bone altar of Kikubaaqudgha.
 69754 | Crypt:3  | Noticed Sojobo
 69756 | Crypt:3  | Killed Sojobo
 69907 | Crypt:3  | Got the Guidebook on Flesh
 70036 | Crypt:3  | Identified the +7 trident of Trial by Ordeal {protect,
                  | Str+2}
 70539 | Slime:1  | Entered Level 1 of the Pits of Slime
 70762 | Slime:1  | Reached skill level 1 in Translocations
 70811 | Slime:1  | Reached XP level 26. HP: 197/197 MP: 23/40
 71678 | Slime:5  | Entered Level 5 of the Pits of Slime
 71742 | Slime:3  | Reached skill level 5 in Translocations
 71958 | Slime:3  | Lost mutation: Your mind is acute. (Int +4, Str/Dex -1) [a
                  | shining eye]
 72115 | Slime:5  | Noticed the Royal Jelly
 72365 | Slime:5  | Killed the Royal Jelly
 72682 | Slime:5  | Got a slimy rune of Zot
 72720 | Slime:5  | Identified the +1 leather armour "Bimyeram" {-Cast Harm
                  | Str+5}
 72725 | Slime:5  | Got the Volume of the Virous Plateau
 72758 | Slime:5  | Got Xidol's Notes on the Tundra and Assembling
 72764 | Slime:5  | Identified the ring of Twilight {+Blink Fly rPois Dex+9}
 73302 | D:12     | Killed Rudyous's ghost
 73489 | Depths:4 | Entered Level 4 of the Depths
 73894 | Depths:2 | Found a stormy altar of Qazlal.
 74488 | Depths:4 | Reached skill level 5 in Dodging
 74634 | Depths:3 | Found Okkuol's General Store.
 74637 | Depths:3 | Bought a potion of cancellation for 144 gold pieces
 74637 | Depths:3 | Bought a potion of curing for 54 gold pieces
 74681 | Depths:3 | Found Niemulekh's Antique Armour Boutique.
 74871 | Depths:3 | Found Rurew's Book Boutique.
 74879 | Depths:3 | Bought a book of Flames for 560 gold pieces
 74884 | Depths:3 | Learned a level 4 spell: Sticky Flame
 75150 | Depths:3 | Found a runed translucent door.
 75341 | Depths:3 | Identified the +1 chain mail of Insecurity {Harm rPois
                  | Str+2}
 75443 | Depths:3 | Found the +0 mask of the Dragon {Will+ Slay+3 SInv}
 75483 | Depths:3 | Reached skill level 10 in Ice Magic
 75557 | Depths:3 | Reached XP level 27. HP: 204/204 MP: 13/40
 75825 | Depths:3 | Identified the +2 battleaxe of Egomania {vamp, Str+4
                  | Stlth+}
 75825 | Depths:3 | Identified the ring "Lebbomoo" {rC++ Str+6 SInv}
 75916 | Depths:3 | Got the Almanac of Orientation
 75922 | Depths:3 | Learned a level 4 spell: Passage of Golubria
 75923 | Depths:3 | Identified the +2 pair of boots of Sophism {Harm Str+8
                  | Stlth-}
 76132 | Depths:3 | Found Akiu's Weapon Shop.
 76361 | Depths:3 | Found a bloodstained altar of Trog.
 76388 | Depths:3 | Identified the +1 halberd of the Gloaming {freeze, Dex+7}
 76809 | Depths:4 | Found a gate to the Realm of Zot.
 77112 | Depths:4 | Found a one-way gateway to a ziggurat.
 77599 | Depths:4 | Noticed a juggernaut
 77606 | Depths:4 | Reached skill level 10 in Translocations
 77607 | Depths:4 | Killed a juggernaut
 77743 | Depths:4 | Identified the +3 rapier "Kauk" {heavy, rElec rF+}
 77893 | Zot:1    | Entered Level 1 of the Realm of Zot
 80107 | Zot:2    | Reached skill level 10 in Dodging
 81027 | Zot:4    | Noticed an orb of fire
 81703 | Zot:4    | Killed an orb of fire
 82383 | Zot:4    | Noticed Vv
 82653 | Zot:3    | Killed Vv
 83125 | Zot:5    | Entered Level 5 of the Realm of Zot
 83382 | Zot:4    | Identified the +0 leather armour of the Cricket {Harm rC-
                  | Int+3}
 83609 | Zot:5    | Reached skill level 15 in Ice Magic
 83615 | Zot:5    | Gained mutation: You are strong-willed. (Will+) [mutagenic
                  | glow]
 84405 | Zot:5    | Noticed an orb of fire
 84528 | Zot:5    | Noticed an ancient lich
 84533 | Zot:5    | Killed an ancient lich
 84534 | Zot:5    | Reached skill level 15 in Fighting
 84576 | Zot:5    | Killed an orb of fire
 84667 | Zot:5    | Noticed an orb of fire
 84670 | Zot:5    | Noticed an orb of fire
 84693 | Zot:5    | Gained mutation: You are frail. (-10% HP) [an orb of fire]
 84695 | Zot:5    | Lost mutation: You are resistant to electric shocks.
                  | (rElec) [an orb of fire]
 84701 | Zot:5    | Gained mutation: You are vulnerable to heat. (rF-) [an orb
                  | of fire]
 84707 | Zot:5    | Killed an orb of fire
 84931 | Zot:5    | Noticed a Killer Klown
 84968 | Zot:5    | Gained mutation: You are weak. (Str -2) [an orb of fire]
 84977 | Zot:5    | Gained mutation: You do not regenerate when monsters are
                  | visible. [an orb of fire]
 84980 | Zot:5    | Killed an orb of fire
 85289 | D:9      | Lost mutation: You are frail. (-10% HP) [potion of
                  | mutation]
 85289 | D:9      | Lost mutation: You are weak. (Str -2) [potion of mutation]
 85289 | D:9      | Lost mutation: You do not regenerate when monsters are
                  | visible. [potion of mutation]
 85289 | D:9      | Gained mutation: Your muscles are strong. (Str +4, Int/Dex
                  | -1) [potion of mutation]
 85289 | D:9      | Gained mutation: Armour fits poorly on your strangely
                  | shaped body. [potion of mutation]
 85290 | D:9      | Lost mutation: Armour fits poorly on your strangely shaped
                  | body. [potion of mutation]
 85290 | D:9      | Lost mutation: Your movements are slightly less encumbered
                  | by armour. (ER -2) [potion of mutation]
 85290 | D:9      | Lost mutation: Your magical capacity is low. (-10% MP)
                  | [potion of mutation]
 85290 | D:9      | Gained mutation: You occasionally lose the ability to drink
                  | potions when taking damage. [potion of mutation]
 85290 | D:9      | Gained mutation: You are robust. (+10% HP) [potion of
                  | mutation]
 85299 | D:9      | Lost mutation: You occasionally lose the ability to drink
                  | potions when taking damage. [potion of mutation]
 85299 | D:9      | Lost mutation: You are strong-willed. (Will+) [potion of
                  | mutation]
 85299 | D:9      | Lost mutation: Your muscles are strong. (Str +4, Int/Dex
                  | -1) [potion of mutation]
 85299 | D:9      | Gained mutation: You are vulnerable to cold. (rC-) [potion
                  | of mutation]
 85299 | D:9      | Gained mutation: You are very robust. (+20% HP) [potion of
                  | mutation]
 85299 | D:9      | Gained mutation: Armour fits poorly on your strangely
                  | shaped body. [potion of mutation]
 85300 | D:9      | Lost mutation: You are very robust. (+20% HP) [potion of
                  | mutation]
 85300 | D:9      | Lost mutation: Armour fits poorly on your strangely shaped
                  | body. [potion of mutation]
 85300 | D:9      | Gained mutation: Your muscles are strong. (Str +4, Int/Dex
                  | -1) [potion of mutation]
 85300 | D:9      | Gained mutation: Your natural rate of healing is unusually
                  | fast. [potion of mutation]
 85303 | D:9      | Lost mutation: You are robust. (+10% HP) [potion of
                  | mutation]
 85303 | D:9      | Lost mutation: You are vulnerable to heat. (rF-) [potion of
                  | mutation]
 85303 | D:9      | Lost mutation: Your muscles are strong. (Str +4, Int/Dex
                  | -1) [potion of mutation]
 85303 | D:9      | Lost mutation: Your natural rate of healing is unusually
                  | fast. [potion of mutation]
 85303 | D:9      | Gained mutation: You occasionally lose the ability to drink
                  | potions when taking damage. [potion of mutation]
 85303 | D:9      | Gained mutation: Your body sometimes deteriorates upon
                  | taking damage. [potion of mutation]
 85303 | D:9      | Gained mutation: Your system is resistant to poisons.
                  | (rPois) [potion of mutation]
 85955 | Vaults:5 | Entered Level 5 of the Vaults
 86250 | Vaults:5 | HP: 1/210 [yaktaur captain/bolt (39)]
 86715 | Vaults:5 | Identified the ring "Ollec" {Fly rPois rN+ Stlth+} (You
                  | took it off a vault sentinel on level 5 of the Vaults)
 87577 | Vaults:5 | Noticed a dread lich
 87638 | Vaults:5 | Killed a dread lich
 87722 | Vaults:5 | Identified the +4 hand axe of Autumn {freeze, Fragile rC++
                  | rN+}
 87985 | Vaults:5 | Got Qozaostri's Secrets of Trauma and Ouranomancy
 88203 | Vaults:5 | Identified the +1 plate armour "Gysaidd" {rC+}
 88208 | Vaults:5 | Got a silver rune of Zot
 88253 | Vaults:5 | Lost mutation: Your system is resistant to poisons. (rPois)
                  | [potion of mutation]
 88253 | Vaults:5 | Lost mutation: Your body sometimes deteriorates upon taking
                  | damage. [potion of mutation]
 88253 | Vaults:5 | Lost mutation: You occasionally lose the ability to drink
                  | potions when taking damage. [potion of mutation]
 88253 | Vaults:5 | Gained mutation: You have sharp fingernails. [potion of
                  | mutation]
 88253 | Vaults:5 | Gained mutation: Your system is resistant to poisons.
                  | (rPois) [potion of mutation]
 88253 | Vaults:5 | Gained mutation: Armour fits poorly on your strangely
                  | shaped body. [potion of mutation]
 88253 | Vaults:5 | Gained mutation: You are agile. (Dex +4, Str/Int -1)
                  | [potion of mutation]
 88685 | Orc:2    | Bought a potion of ambrosia for 104 gold pieces
 88687 | Orc:2    | Bought 2 potions of brilliance for 104 gold pieces
 88743 | Elf:1    | Bought a potion of brilliance for 56 gold pieces
 88743 | Elf:1    | Bought a potion of ambrosia for 112 gold pieces
 89142 | Depths:2 | Found a runed door.
 89261 | Depths:2 | You are sucked into a shaft and drop 1 floor!
 89408 | Depths:2 | Noticed an ancient lich
 89412 | Depths:2 | Killed an ancient lich
 89429 | Depths:2 | Noticed an ancient lich
 89490 | Depths:2 | Killed an ancient lich
 89637 | Depths:2 | Identified the +1 pair of gloves "Hoasell" {Rampage rElec
                  | Will+}
 89915 | D:9      | Acquired 901 gold pieces
 89916 | D:9      | Acquired a book of Ice
 89930 | D:9      | Learned a level 9 spell: Polar Vortex
 90094 | Hell     | Entered the Vestibule of Hell
 90094 | Hell     | Noticed Geryon
 90115 | Hell     | Killed Geryon
 90115 | Hell     | Noticed Murray
 90133 | Depths:1 | You are sucked into a shaft and drop 1 floor!
 90207 | Depths:1 | Killed Murray
 90487 | Hell     | Found a gateway to the ashen valley of Gehenna.
 90579 | Hell     | Found a gateway to the decaying netherworld of Tartarus.
 90658 | Hell     | Found a gateway to the Iron City of Dis.
 90718 | Hell     | Found a gateway to the freezing wastes of Cocytus.
 90780 | Tar:1    | Entered Level 1 of Tartarus
 91292 | Hell     | Slain by a tainted leviathan

Illustrated notes

Levels and vault maps discovered:
D:1:      minmay_arrival_four_loops, layout_basic
D:2:      layout_loops_cross, nicolae_ecumenical_oubliette
D:3:      layout_rooms, kennysheep_donut, minmay_lizard_king
D:4:      layout_loops_ring, lemuel_crystal_altar, enter_ossuary_5
D:5:      layout_basic, minmay_temple_entry_glass, serial_shops, shop,
          amcnicky_mini_rare_corridor_liquid
D:6:      layout_basic, lemuel_coloured_pillars_altar,
          nicolae_concentric_dashed_squares_mild
D:7:      layout_loops_ring, hellmonk_guarded_unrand_lears
D:8:      layout_loops_ring, kennysheep_windowed_goal
D:9:      minmay_goldmine, layout_cave_pods, elyvilon_altar_1,
          kennysheep_little_box, lair_entry_dummy, ebering_ghost_gozag,
          grunt_livestock, nicolae_shop_overcharged_wands
D:10:     layout_roguey, serial_aquarium, aquarium_bridge_island_large
          [aquarium_subvault_large_1_pool, aquarium_subvault_balcony,
          aquarium_subvault_bridge, aquarium_subvault_bridge,
          aquarium_subvault_window], aquarium_bridge_straight
          [aquarium_subvault_bridge, aquarium_subvault_window,
          aquarium_subvault_bridge, aquarium_subvault_balcony],
          aquarium_window_1, aquarium_window_corridor_1, aquarium_view_2f,
          aquarium_balcony_double_3
D:11:     layout_rooms, orc_david_3, kennysheep_generic_room_9
D:12:     layout_loops_ring, ebering_ghost_rock_garden
D:13:     layout_gridville, dancing_weapons_uskayaw
D:14:     layout_cave_pods, ximxim_vaults_locker_room, serial_park_square2,
          nicolae_diode_basic
D:15:     grunt_enter_depths_snipers, layout_loops_ring, special_room
          [special_room_mythical_zoo], uniq_louise, uniq_josephine
Temple:   nicolae_temple_two_arcs
Lair:1:   layout_regular_city, kennysheep_abandoned_house, uniq_fannar,
          uniq_erica
Lair:2:   layout_regular_city, nicolae_snake_entry_warm_welcome,
          mumra_transporter_accident, amcnicky_altar_lugonu_corruption
Lair:3:   layout_hall_layers, elwin_shoals_entry_stream,
          nicolae_lair_liquid_snakes, lemuel_fruit_fields
Lair:4:   layout_gridlike
Lair:5:   hangedman_lair_caniforms_friends, layout_gridlike,
          nicolae_slime_entry_slimehenge, serial_bayou_shore_b
Shoals:1: layout_shoals, uniq_nikola
Shoals:2: nicolae_shoals_island_circles, layout_shoals,
          nicolae_shoals_wave_tunnel
Shoals:3: layout_shoals, uniq_polyphemus
Shoals:4: shoals_end_grunt_ice, layout_shoals, shoals_ilsuiw_ice, serial_shops,
          nicolae_book_shop_shelving, portal_ice_cave_entry_pillars_2,
          nicolae_shoals_undead_eyrie, uniq_donald
Snake:1:  layout_grid_shapes, nicolae_snake_gridmaze_zigzag, grunt_megastairs_5,
          serial_bayou_shore_a
Snake:2:  gammafunk_sealed_arena, layout_cave_town, nicolae_snake_squiggles,
          nicolae_snake_gridmaze_big_u, serial_bayou_pond_c, st_stairs_10,
          nicolae_snake_double_loop, uniq_agnes
Snake:3:  nicolae_snake_shooting_gallery, layout_grid_maze, grunt_megastairs_2,
          uniq_mlioglotl
Snake:4:  snake_pit, layout_onion, serial_shops,
          nicolae_shop_tiny_real_fake_doors, shop, uniq_saint_roka
Slime:1:  layout_caves
Slime:2:  layout_caves
Slime:3:  layout_caves
Slime:4:  layout_caves
Slime:5
Orc:1:    layout_diamond_mine, gammafunk_ghost_wrathful_warriors
Orc:2:    pf_orc_diabolical, layout_caves
Elf:1:    layout_rooms, gammafunk_ghost_berserking_beasts, serial_shops, shop,
          evilmike_minifort, st_stairs_14, minmay_shoptagon
Elf:2:    elven_hall_of_blades_hangedman_alternative
          [nicolae_blade_entry_diamond_columns], layout_geoelf_grid,
          portal_desolation_entry_nicolae_slug, serial_shops, shop
Elf:3:    elf_hall, layout_onion_city, guppyfry_elf_garden
Vaults:1: nicolae_vaults_storage_closets_1, grunt_vaults_funnel,
          nicolae_vaults_trapezoid_lopsided_1, vaults_room_door_ring,
          nicolae_vaults_lopsided_apartments, nicolae_vaults_apartment_2,
          vaults_room_boxed, ontoclasm_vaults_shuriken, v_pattern_3,
          nicolae_vaults_little_squares_4, nicolae_vaults_surprise_closet,
          hangedman_vaults_capsules, nicolae_vaults_little_squares_3,
          nicolae_vaults_double_plus_1, layout_vaults_omnibox
Vaults:2: nicolae_vaults_storage_closets_3, hangedman_vaults_nodes,
          v_alt_pattern_5, ontoclasm_vaults_loading_screen,
          minmay_crypt_entry_necro_gods, st_lattice,
          nicolae_vaults_stairing_the_circle, v_misc_28, ontoclasm_vaults_fault,
          vaults_room_door_hall, layout_vaults_maze_bifur
Vaults:3: nicolae_vaults_little_squares_2, nicolae_vaults_house_1,
          hangedman_vaults_cutoff, hangedman_vaults_cutoff, v_misc_18,
          nicolae_vaults_specimen_jars, grunt_vaults_swirl,
          hangedman_vaults_cutoff, hangedman_vaults_stagger,
          ontoclasm_vaults_bender, vaults_mumra_chevron_long,
          nicolae_vaults_tetromino_T_1, vaults_mumra_lcd,
          vaults_room_hangedman_quadrants, grunt_vaults_hallway_short,
          layout_vaults_ring, serial_shops, nicolae_shop_bloodbath_and_beyond,
          uniq_margery
Vaults:4: nicolae_vaults_little_ls, nicolae_vaults_weapon_check,
          ontoclasm_vaults_misaligned, nicolae_vaults_cochlea,
          nicolae_vaults_double_plus_2, vaults_dpeg_diagonal,
          layout_vaults_omnigrid
Vaults:5: serial_shops
Crypt:1:  layout_gridlike
Crypt:2:  layout_catacombs
Crypt:3:  church_of_pain_bobbens, layout_chaotic_city,
          nicolae_tomb_entry_grand_gallery, uniq_sojobo
Tomb:1:   uniq_boris
Depths:1: layout_forbidden_donut, nicolae_two_hexagons, hell_entry,
          nicolae_kite_square_tiling_tiny, slow_altar_1, uniq_enchantress
Depths:2: evilmike_wizard_prison, layout_cave_pools,
          abyss_entry_small_statue_room, hell_entry,
          nicolae_qazlal_eye_of_the_storm, grunt_pan_entry_spiral,
          minmay_liquid_box
Depths:3: minmay_the_grid_triangle_9x9_recursive_3
          [minmay_the_grid_triangle_9x9_corruption,
          minmay_the_grid_triangle_9x9_steps,
          minmay_the_grid_triangle_9x9_pentomino_pain,
          minmay_the_grid_triangle_9x9_prize_center,
          minmay_the_grid_triangle_9x9_windchime,
          minmay_the_grid_triangle_9x9_dagger,
          minmay_the_grid_triangle_9x9_intruding_spiral,
          minmay_the_grid_triangle_9x9_alien,
          minmay_the_grid_triangle_9x9_subtriangle], layout_honeycomb,
          serial_shops, nicolae_shop_behind_doors, shop_fountains,
          shop_fountains, nicolae_shop_peninsula, shop, hell_entry,
          minmay_room_of_horrors, tgw_trog
Depths:4: grunt_x_marks_the_spot, layout_cave_pools, enter_ziggurat_f,
          rand_demon_pan_entry_5, hell_entry,
          nicolae_concentric_dashed_squares_wild, minmay_evil_grid
Hell
Tar:1:    layout_grid_maze, nicolae_tar_cuneiform_not,
          nicolae_tar_cuneiform_to_be
Tar:2:    layout_catacombs, nicolae_tar_cuneiform_three,
          nicolae_tar_honey_rotating
Tar:3:    layout_catacombs
Tar:4:    layout_honeycomb, evilmike_ambush [evilmike_ambush_outer_basic,
          evilmike_ambush_inner_pond]
Zot:1:    layout_concentric_octagons
Zot:2:    layout_gridlike
Zot:3:    kennysheep_room_grid, layout_onion_interference
Zot:4:    kennysheep_oblong_rooms, layout_onion_interference, uniq_vv
Zot:5:    layout_concentric_octagons

Skill      XL: |  1  2  3  4  5  6  7  8  9 10 11 12 13 14 15 16 17 18 19 20 21 22 23 24 25 26 27 |
---------------+----------------------------------------------------------------------------------+-----
Spellcasting   | 1 2 3 4 5 6 7 9 11 12 13 14 15 16 17 18 21 | 21.0
Poison Magic   | 1 2 4 |  4.5
Conjurations   | 1 2 4 5 6 7 9 12 14 15 16 17 18 19 20 | 20.0
Air Magic      | 1 2 3 4 5 |  5.0
Dodging        | 2 4 5 12 | 12.0
Armour         | 1 3 6 8 9 11 | 11.0
Evocations     | 1 2 3 |  3.0
Ranged Weapons | 1 3 4 5 |  5.0
Ice Magic      | 2 4 6 7 8 10 18 | 18.2
Shields        | 3 7 9 10 11 12 13 15 16 17 19 20 21 | 21.9
Fighting       | 4 5 7 9 10 11 12 13 14 17 | 17.8
Stealth        | 8 10 11 12 13 14 | 14.0
Necromancy     | 2 3 6 8 9 10 | 10.0
Fire Magic     | 1 3 7 10 13 15 16 17 18 19 20 | 20.2
Maces & Flails | 4 |  4.2
Translocations | 2 8 13 | 13.0

Action                     |  1- 3 |  4- 6 |  7- 9 | 10-12 | 13-15 | 16-18 | 19-21 | 22-24 | 25-27 || total
---------------------------+-------+-------+-------+-------+-------+-------+-------+-------+-------++-------
  Melee: Mace              |    78 |    36 |       |       |       |       |       |       |       ||   114
         Quarterstaff      |       |    42 |       |       |       |       |       |       |       ||    42
         Short sword       |       |    55 |   253 |   115 |    43 |     1 |       |       |       ||   467
         Whip              |       |       |     9 |       |       |       |       |       |       ||     9
         Punch             |       |       |     7 |       |       |       |       |       |       ||     7
         Spear             |       |       |    28 |     3 |       |       |       |       |       ||    31
         Flail             |       |       |       |       |    47 |    10 |     2 |       |       ||    59
         Morningstar       |       |       |       |       |       |    31 |    10 |    19 |    54 ||   114
         Glaive            |       |       |       |       |       |    19 |       |       |       ||    19
         Rapier            |       |       |       |       |       |       |       |       |    26 ||    26
   Fire: Sling             |    13 |   115 |    71 |       |       |       |       |       |       ||   199
         Shortbow          |       |       |    50 |       |       |       |       |       |       ||    50
         Orcbow            |       |       |    11 |   189 |   424 |   130 |       |       |       ||   754
         Longbow           |       |       |       |       |       |    74 |   125 |   114 |     8 ||   321
  Throw: Javelin           |     5 |       |       |       |       |       |       |       |       ||     5
         Throwing net      |       |     1 |       |       |       |       |       |       |       ||     1
         Dart              |       |       |       |     1 |       |     5 |     6 |     2 |       ||    14
   Cast: Mephitic Cloud    |       |       |    13 |    34 |    34 |     8 |     7 |       |       ||    96
         Freezing Cloud    |       |       |       |    81 |   257 |   175 |   187 |   126 |    20 ||   846
         Magic Dart        |       |       |       |     1 |       |       |       |       |       ||     1
         Foxfire           |       |       |       |     1 |       |     1 |     3 |       |       ||     5
         Sublimation of Bl |       |       |       |     2 |    92 |   140 |   298 |   290 |   905 ||  1727
         Orb of Destructio |       |       |       |     1 |    86 |   160 |   284 |   223 |   293 ||  1047
         Starburst         |       |       |       |       |       |    39 |    88 |    20 |     7 ||   154
         Iskenderun's Myst |       |       |       |       |       |       |    80 |    66 |   141 ||   287
         Ignition          |       |       |       |       |       |       |     2 |     8 |       ||    10
         Conjure Ball Ligh |       |       |       |       |       |       |    18 |    60 |       ||    78
         Fire Storm        |       |       |       |       |       |       |       |    73 |   777 ||   850
         Passage of Golubr |       |       |       |       |       |       |       |       |    22 ||    22
         Polar Vortex      |       |       |       |       |       |       |       |       |     7 ||     7
         Sticky Flame      |       |       |       |       |       |       |       |       |     2 ||     2
Ability: Shaft Self        |       |     1 |     2 |     2 |     2 |       |     6 |       |     2 ||    15
         Dig               |       |       |     5 |     4 |     6 |     6 |     3 |       |     4 ||    28
  Evoke: Wand              |       |       |     2 |     3 |     7 |     2 |     9 |       |    16 ||    39
         Phantom mirror    |       |       |       |       |       |       |       |     1 |       ||     1
    Use: Scroll            |     1 |     1 |     7 |     5 |    10 |     3 |    10 |       |    14 ||    51
         Potion            |       |     7 |     1 |       |     1 |     1 |     2 |     1 |    28 ||    41
   Stab: Sleeping          |     6 |       |       |       |     1 |       |       |     1 |     1 ||     9
         Confused          |       |       |     4 |     8 |     3 |       |       |       |       ||    15
         Paralysed         |       |       |       |       |     1 |       |       |       |       ||     1
 Armour: Leather armour    |    22 |    26 |    58 |       |       |       |       |       |       ||   106
         Ring mail         |       |       |     3 |     6 |    40 |    15 |       |       |     5 ||    69
         Acid dragon scale |       |       |       |    15 |       |       |       |       |       ||    15
         Troll leather arm |       |       |       |     3 |    32 |       |       |       |       ||    35
         Robe              |       |       |       |       |       |    17 |    45 |    18 |    29 ||   109
  Dodge: Dodged            |    68 |   112 |   231 |    79 |   107 |    80 |   118 |    90 |   195 ||  1080
  Block: Buckler           |       |       |       |    32 |    99 |   108 |    24 |       |       ||   263
         Reflection        |       |       |       |       |     8 |    28 |    58 |    74 |    16 ||   184
         Kite shield       |       |       |       |       |       |       |   204 |   190 |   274 ||   668

Table legend: (Time is in decaauts)
 A = Elapsed time spent in this place.
 B = Non-inter-level travel time spent in this place.
 C = Inter-level travel time spent in this place.
 D = Time resting spent in this place.
 E = Time spent auto-exploring this place.
 F = Levels seen in this place.
 G = Mean time per level.
                   A        B        C        D        E       F      G
               +--------+--------+--------+--------+--------+-----+--------+
         Total |  92089 |  79935 |  12154 |  20040 |  25795 |  64 | 1438.9 |
       Dungeon |  23533 |  19144 |   4389 |   5094 |   7638 |  15 | 1568.9 |
        Temple |    165 |    150 |     15 |      0 |     87 |   1 |  165.0 |
          Lair |   8101 |   7122 |    979 |   1807 |   2390 |   5 | 1620.2 |
        Shoals |   5318 |   5064 |    254 |   1066 |   1986 |   4 | 1329.5 |
     Snake Pit |   6168 |   5502 |    666 |    967 |   2205 |   4 | 1542.0 |
    Slime Pits |   2540 |   2391 |    149 |    303 |    349 |   5 |  508.0 |
  Orcish Mines |   5699 |   3796 |   1903 |   1435 |    791 |   2 | 2849.5 |
   Elven Halls |   8205 |   7233 |    972 |   3361 |   1012 |   3 | 2735.0 |
        Vaults |  10507 |   9538 |    969 |   2042 |   3564 |   5 | 2101.4 |
         Crypt |   4691 |   4341 |    350 |    703 |   1229 |   3 | 1563.7 |
          Tomb |    274 |    274 |      0 |     40 |      0 |   1 |  274.0 |
        Depths |   7366 |   6449 |    917 |   1501 |   1873 |   4 | 1841.5 |
          Hell |    575 |    575 |      0 |     48 |    306 |   1 |  575.0 |
      Tartarus |    509 |    509 |      0 |    118 |      0 |   4 |  127.2 |
           Zot |   7218 |   6632 |    586 |   1256 |   2304 |   5 | 1443.6 |
      Ice Cave |   1207 |   1207 |      0 |    298 |     61 |   1 | 1207.0 |
    Desolation |      6 |      6 |      0 |      0 |      0 |   1 |    6.0 |
               +--------+--------+--------+--------+--------+-----+--------+

Top non-repeatable levels by time:
   Orc:2: 3913 daAuts
   Elf:3: 3171 daAuts
     D:9: 3067 daAuts
    D:10: 2799 daAuts
   Elf:2: 2527 daAuts
Depths:3: 2518 daAuts
   Elf:1: 2507 daAuts
    D:12: 2408 daAuts
Vaults:2: 2371 daAuts
Vaults:3: 2198 daAuts
Vaults:5: 2129 daAuts
     D:7: 2068 daAuts
  Lair:3: 2068 daAuts
 Crypt:3: 1984 daAuts
Vaults:1: 1942 daAuts
